 Dungeon Crawl Stone Soup version 0.27-a0-1612-gde56a17b89 (webtiles) character file.

Game seed: 16706939938147102238

81664 robertstho the Eclecticist (level 16, -1/104 HPs)
             Began as a Djinni Fire Elementalist on July 21, 2021.
             Was the Champion of Makhleb.
             Slain by a redback (16 damage)
             ... on level 1 of the Spider Nest.
             The game lasted 01:10:27 (24085 turns).

robertstho the Eclecticist (DjFE)                  Turns: 24085, Time: 01:10:28

Health: -1/104     AC: 10    Str:  7    XL:     16   Next: 18%
Gold:   4282       EV: 19    Int: 24    God:    Makhleb [******] SH:  5 Dex: 16

rFire    + + +     SeeInvis .   B - +10 bardiche "Earthworm" {vorpal, rF+ Will+}
rCold    + . .     Faith    .   (shield currently unavailable)
rNeg     + . .     Spirit   .   D - +0 troll leather armour
rPois    ∞         Reflect  +   I - -2 hat of the Alchemist {rElec rPois rF+ rC+ rN+ Will+ rMut rCorr}
rElec    +         Harm     .   o - scarf {rC+ rF+}
rCorr    +         Rampage  .   u - +2 pair of gloves
rMut     +         Rnd*Rage +   (boots unavailable)
Will     +++..                  t - amulet of reflection
Stlth    +++.......             F - +4 ring of protection
HPRegen  1.27/turn              b - +4 ring of evasion
MPRegen  0.00/turn

@: flying
A: sickness immunity, fire resistance 2, cold vulnerability 1, float, innate
caster, hp casting, extra vitality 1, claws 1, berserk 3, clever 1, electricity
resistance
a: Renounce Religion, Minor Destruction, Lesser Servant of Makhleb, Major
Destruction, Greater Servant of Makhleb


You were on level 1 of the Spider Nest.
You worshipped Makhleb.
Makhleb was exalted by your worship.
You visited 5 branches of the dungeon, and saw 23 of its levels.
You also visited: Bailey.

You collected 4410 gold pieces.
You spent 128 gold pieces at shops.

Inventory:

Hand Weapons
 h - a +1 vampiric spear
 y - a +2 halberd of electrocution
 B - the +10 bardiche "Earthworm" (weapon) {vorpal, rF+ Will+}
   (You acquired it on level 9 of the Dungeon)

   It inflicts extra damage upon your enemies.
   rF:        It protects you from fire.
   Will:      It increases your willpower.
 T - a +2 war axe of flaming
Armour
 o - a scarf of resistance (worn)
 u - a +2 pair of gloves (worn)
 D - a +0 troll leather armour (worn)
 I - the -2 hat of the Alchemist (worn) {rElec rPois rF+ rC+ rN+ Will+ rMut rCorr}
   (You found it on level 9 of the Dungeon)

   rF:        It protects you from fire.
   rC:        It protects you from cold.
   rElec:     It insulates you from electricity.
   rPois:     It protects you from poison.
   rN:        It protects you from negative energy.
   rCorr:     It protects you from acid and corrosion.
   rMut:      It protects you from mutation.
   Will:      It increases your willpower.
Jewellery
 a - a +4 ring of evasion
 b - a +4 ring of evasion (right hand)
 t - an amulet of reflection (around neck)
 v - a ring of wizardry
 w - a ring of ice
 F - a +4 ring of protection (left hand)
 K - an amulet of regeneration
 O - an amulet of the acrobat
 P - a ring of protection from cold
 W - the ring of Toazos {Fly Will+}
   (You found it on level 6 of the Lair of Beasts)

   [ring of flight]

   Fly:       It grants you flight.
   Will:      It increases your willpower.
Wands
 m - a wand of iceblast (28)
 M - a wand of digging (10)
 N - a wand of paralysis (33)
 S - a wand of mindburst (10)
 X - a wand of acid (10)
Scrolls
 i - 5 scrolls of magic mapping
 k - 4 scrolls of enchant weapon
 q - 5 scrolls of enchant armour
 r - 4 scrolls of teleportation
 C - a scroll of blinking
 E - 2 scrolls of immolation
 G - 3 scrolls of silence
 Q - 3 scrolls of fog
 R - 2 scrolls of brand weapon
 V - a scroll of identify
Potions
 d - 3 potions of haste
 e - 3 potions of invisibility
 f - 3 potions of brilliance
 l - 3 potions of resistance
 n - 2 potions of berserk rage
 p - 9 potions of curing
 s - 5 potions of attraction
 x - 8 potions of might
 z - a potion of cancellation
 H - 7 potions of ambrosia


   Skills:
 + Level 6.2 Fighting
 + Level 8.3 Polearms
 + Level 5.0 Armour
 + Level 8.0 Dodging
 + Level 5.2 Stealth
 + Level 3.7 Shields
 + Level 0.1 Unarmed Combat
 * Level 15.5 Spellcasting
 * Level 9.3 Invocations
 + Level 2.5 Evocations


You had 6 spell levels left.
You knew the following spells:

 Your Spells              Type           Power      Damage    Failure   Level
a - Foxfire               Conj/Fire      100%       2x1d9     0%          1
b - Conjure Flame         Conj/Fire      76%        6-21      1%          3
c - Inner Flame           Hex/Fire       76%        N/A       1%          3
d - Sticky Flame          Conj/Fire      76%        2d9       1%          4
e - Fireball              Conj/Fire      38%        3d16      1%          5
f - Animate Skeleton      Necr           100%       N/A       0%          1
g - Blink                 Tloc           N/A        N/A       0%          2
h - Tukima's Dance        Hex            76%        N/A       1%          3
i - Portal Projectile     Hex/Tloc       100%       N/A       1%          3
j - Summon Lightning Spi  Summ/Air       76%        N/A       1%          4
k - Manifold Assault      Tloc           76%        N/A       1%          5
l - Eringya's Noxious Bo  Tmut/Pois      38%        N/A       1%          6
Your spell library was empty.

Dungeon Overview and Level Annotations

Branches:
Dungeon (13/15)            Temple (1/1) D:7            Lair (6/6) D:9
  Swamp (0/4) Lair:2       Spider (1/4) Lair:2        Slime (0/5) Lair:5
    Orc (2/2) D:10            Elf (0/3) Orc:2        Bailey (visited)
 Vaults: D:13-14

Altars:
Ashenzari
Cheibriados
Dithmenos
Elyvilon
Fedhas
Gozag
Hepliaklqana
Kikubaaqudgha
Makhleb
Nemelex Xobeh
Okawaru
Qazlal
Ru
Sif Muna
Trog
Uskayaw
Vehumet
Wu Jian
Xom
Yredelemnul
Zin
The Shining One
Beogh
Jiyva

Shops:
D:12 (   Orc:2 [(?

Annotations:
Lair:3 2 transporters, LadonLegend's ghost, journeyman TrMo
Lair:4 2 transporters, Lesmeliq's ghost, journeyman HuWn


Innate Abilities, Weirdness & Mutations

You are immune to sickness and miasma.
You are immune to poison.
Your flesh is very heat resistant. (rF++)
You are vulnerable to cold. (rC-)
You float through the air rather than walking.
You learn spells naturally, not from books.
Your magical power is your life essence.
You have superior vitality. (+4 HP)
You have sharp fingernails.
You have an uncontrollable temper.
Your mind is acute. (Int +2)
You are resistant to electric shocks. (rElec)


Message History

You kill the tarantella!
Makhleb accepts your kill.
The moth of wrath burns!
The moth of wrath closely misses you. Something bites your lightning spire.
Your lightning spire is destroyed!
The moth of wrath bites you!
Casting: Sticky Flame (safe; 1% risk of failure)
Confirm with . or Enter, or press ? or * to list all spells.
An electric hum fills the air.
The moth of wrath burns!
The moth of wrath bites you!
Unknown command.
The moth of wrath burns!
The redback closely misses you.
The moth of wrath goads the redback on!
The redback goes berserk!
You see here a tarantella corpse.
Unknown command.
You hit the redback but do no damage.
The redback is heavily wounded.
The moth of wrath burns!
You block the redback's attack. x2
The moth of wrath misses you. The redback bites you!
The moth of wrath closely misses you. The redback bites you!!
* * * LOW HITPOINT WARNING * * *
Unknown command.
Casting: Summon Lightning Spire (safe; 1% risk of failure)
Confirm with . or Enter, or press ? or * to list all spells.
Aiming: Sticky Flame (safe; 1% risk of failure)
Press: ? - help, Shift-Dir - straight line, f - redback, p - moth of wrath
Aim: a redback (heavily wounded, berserk, 100% to hit)
The sticky flame hits the redback!
The redback is severely wounded.
The redback is covered in liquid flames!
* * * LOW HITPOINT WARNING * * *
The moth of wrath burns!
The redback burns!
The redback closely misses you. The redback bites you!
* * * LOW HITPOINT WARNING * * *
The moth of wrath bites you!
* * * LOW HITPOINT WARNING * * *
Unknown command.
You feel better.
The moth of wrath burns!
The redback burns!
The redback misses you. The redback bites you!
You die...

.##..### ###..†.##....#
..#....# #.##...^......
.##.#..# #..###†...###^
.#######. ##.....##..#
.....# .. #.......#..#
....## ... ####.>.## ##
#.### #.y #...#.# ###
##... #..#### #
......#y@## ###
#..†8s.# #.####
###..###.#.# #..#.##
...... ... ##....##
#...#...#.. #......##
#######...## ####
##.#.#..# #.#.##...
##..# #####..###
#...#..####..#
##...#.####..#...#.s.##


You could see a moth of wrath (burning, ally target), a redback (berserk,
burning) and a friendly lightning spire (summoned).

Vanquished Creatures
  An orc warlord (Orc:2)
  An entropy weaver (Spider:1)
  Fannar (D:12)
  8 hydras
  2 boulder beetles
  An alligator (Lair:4)
  2 two-headed ogres (D:11)
  A centaur warrior (D:13)
  9 death yaks
  5 orc knights
  2 deep elf pyromancers
  A deep elf zephyrmancer (D:9)
  An ugly thing (D:12)
  3 orb spiders (Spider:1)
  6 wolf spiders (Spider:1)
  A cyclops (D:13)
  3 oklob plants (Lair:6)
  2 manticores
  2 elephants
  6 black mambas
  Maurice (Orc:1)
  A gargoyle (D:9)
  2 unseen horrors
  16 cane toads
  A kobold demonologist (D:9)
  8 komodo dragons
  A tengu conjurer (D:11)
  5 demonic crawlers (Spider:1)
  A queen bee (D:9)
  9 polar bears
  3 jumping spiders
  8 trolls
  19 blink frogs
  3 tyrant leeches (Lair:6)
  7 slime creatures
  7 redbacks
  9 tarantellas (Spider:1)
  2 shadows
  4 wyverns
  18 yaks
  A water elemental (D:12)
  2 wraiths (D:11)
  6 basilisks
  15 vampire mosquitoes
  Grum (D:8)
  A steam dragon (Lair:3)
  3 wargs
  15 water moccasins
  2 acid dragons
  4 black bears
  A swamp drake (D:9)
  30 orc warriors
  4 ice beasts
  5 ogres
  A necrophage (D:5)
  6 centaurs
  28 wolves
  2 phantoms
  4 kobold brigands (D:9)
  12 bullfrogs
  2 gnoll sergeants
  A scorpion (D:5)
  A water moccasin skeleton (D:7)
  29 killer bees (D:9)
  3 electric eels
  5 wights (D:7)
  9 howler monkeys
  A crimson imp (D:9)
  4 centaur zombies
  A bullfrog zombie (D:5)
  2 hounds (D:5)
  17 orc priests
  An iron imp (D:9)
  A bullfrog skeleton (D:4)
  2 iguanas (D:7)
  22 orc wizards
  A scorpion zombie (D:5)
  A hound skeleton (D:5)
  2 howler monkey zombies
  3 adders
  20 gnolls
  A shadow imp (D:9)
  A white imp (D:9)
  An adder skeleton (D:4)
  2 worms
  A dart slug (D:2)
  103 orcs
  10 ball pythons
  8 endoplasms
  3 giant cockroaches
  6 goblins
  8 hobgoblins
  14 jackals
  36 kobolds
  2 quokkas (D:1)
  6 bats
  6 frilled lizards
  2 rats (D:1)
  2 bushes
666 creatures vanquished.

Vanquished Creatures (collateral kills)
  2 hydras
  A boulder beetle (D:12)
  5 death yaks
  A two-headed ogre (D:12)
  A goliath frog (Lair:6)
  2 orc sorcerers (Orc:2)
  4 orb spiders (Spider:1)
  An ugly thing (D:12)
  2 oklob plants (Lair:6)
  2 elephants (Lair:6)
  4 cane toads
  2 komodo dragons
  An efreet (D:13)
  A tengu conjurer (D:11)
  5 jumping spiders (Spider:1)
  A troll (D:11)
  6 slime creatures
  2 blink frogs (Lair:6)
  A redback (Spider:1)
  2 yaks (D:8)
  2 vampire mosquitoes
  A water moccasin (Lair:6)
  An ogre (Orc:1)
  4 wolves
  A centaur (D:11)
  2 bullfrogs
  An orc priest (Orc:2)
  2 orc wizards
  6 orcs
  5 foxfires (D:1)
71 creatures vanquished.

Vanquished Creatures (others)
  An ettin (Orc:2)
  A cane toad (Lair:6)
  3 komodo dragons
  A troll (Orc:1)
  3 blink frogs
  A dancing weapon (D:8)
  A water moccasin (Lair:5)
  7 orc warriors (Orc:2)
  A wolf (Lair:5)
  6 orc wizards (Orc:2)
  4 hell rats (Lair:6)
  7 orcs (Orc:2)
  A bush (Lair:4)
  494 foxfires
  35 fungi
  151 plants
717 creatures vanquished.

Grand Total: 1454 creatures vanquished

Notes
Turn   | Place    | Note
-------+----------+-------------------------------------------
     0 | D:1      | robertstho the Djinni Fire Elementalist began the quest for
                  | the Orb.
     0 | D:1      | Reached XP level 1. HP: 15/15 MP: 0/0
   307 | D:1      | Reached XP level 2. HP: 17/21 MP: 0/0
   851 | D:1      | Reached skill level 3 in Spellcasting
   939 | D:1      | Reached XP level 3. HP: 23/25 MP: 0/0
   939 | D:1      | Learned a level 1 spell: Animate Skeleton
  2215 | D:2      | Reached XP level 4. HP: 30/31 MP: 0/0
  3996 | D:3      | Reached XP level 5. HP: 35/35 MP: 0/0
  3996 | D:3      | Learned a level 2 spell: Blink
  4103 | D:3      | Identified a scroll of acquirement
  4103 | D:3      | Acquired 969 gold pieces
  4285 | D:4      | Noticed a centaur
  4297 | D:4      | Killed a centaur
  4298 | D:4      | Reached skill level 4 in Spellcasting
  4805 | D:4      | Reached skill level 1 in Polearms
  4805 | D:4      | Reached XP level 6. HP: 7/40 MP: 0/0
  5670 | D:5      | Entered Level 5 of the Dungeon
  5771 | D:5      | Reached skill level 1 in Fighting
  5771 | D:5      | Reached XP level 7. HP: 42/47 MP: 0/0
  5771 | D:5      | Learned a level 3 spell: Tukima's Dance
  6559 | D:5      | Found a white marble altar of Elyvilon.
  6656 | D:5      | Reached skill level 5 in Spellcasting
  6916 | D:5      | Reached XP level 8. HP: 45/53 MP: 0/0
  7014 | D:5      | Identified the +4 leather armour of Slimy Fun {rElec rF-
                  | Int+3}
  7407 | D:5      | Found a basalt altar of Yredelemnul.
  7533 | D:6      | Found a shadowy altar of Dithmenos.
  7717 | D:6      | Reached skill level 6 in Spellcasting
  7893 | D:7      | Found a staircase to the Ecumenical Temple.
  7909 | Temple   | Entered the Ecumenical Temple
  8112 | Temple   | Became a worshipper of Makhleb the Destroyer
  8141 | D:7      | Reached XP level 9. HP: 40/59 MP: 0/0
  8141 | D:7      | Learned a level 3 spell: Portal Projectile
  8207 | D:7      | Found a flagged portal.
  8216 | Bailey   | Entered a bailey
  8560 | Bailey   | Reached * piety under Makhleb
  8842 | Bailey   | Noticed an orc knight
  8858 | Bailey   | Gained mutation: You are robust. (+10% HP) [potion of
                  | mutation]
  8858 | Bailey   | Gained mutation: You tend to lose your temper in combat.
                  | [potion of mutation]
  8858 | Bailey   | Gained mutation: You are partially covered in iridescent
                  | scales. (AC +2) [potion of mutation]
  8858 | Bailey   | Killed an orc knight
  8859 | Bailey   | Reached skill level 7 in Spellcasting
  8859 | Bailey   | Reached skill level 1 in Invocations
  9152 | Bailey   | Reached skill level 5 in Polearms
  9152 | Bailey   | Reached skill level 5 in Dodging
  9152 | Bailey   | Reached XP level 10. HP: 75/75 MP: 0/0
  9199 | D:7      | Found a blossoming altar of Fedhas.
  9339 | D:7      | Reached skill level 8 in Spellcasting
 10206 | D:7      | Reached skill level 5 in Stealth
 10483 | D:8      | Noticed Grum
 10489 | D:8      | Killed Grum
 10790 | D:8      | Reached skill level 5 in Invocations
 10803 | D:8      | Reached ** piety under Makhleb
 10804 | D:8      | Reached XP level 11. HP: 75/81 MP: 0/0
 10804 | D:8      | Learned a level 4 spell: Summon Lightning Spire
 10822 | D:8      | Reached skill level 5 in Fighting
 11138 | D:8      | Found a shimmering altar of Xom.
 11583 | D:9      | Found an ornate altar of the Wu Jian Council.
 11672 | D:9      | Acquired the +10 bardiche "Earthworm" {vorpal, rF+ Will+}
 11958 | D:9      | Found a staircase to the Lair.
 12189 | D:9      | Reached *** piety under Makhleb
 12323 | D:9      | Reached skill level 9 in Spellcasting
 12532 | D:9      | Reached **** piety under Makhleb
 12542 | D:9      | Noticed a deep elf pyromancer
 12549 | D:9      | Noticed a deep elf zephyrmancer
 12551 | D:9      | Killed a deep elf pyromancer
 12552 | D:9      | Killed a deep elf zephyrmancer
 12618 | D:9      | Found the -2 hat of the Alchemist {rElec rPois rF+ rC+ rN+
                  | Will+ rMut rCorr}
 12986 | D:10     | Entered Level 10 of the Dungeon
 13151 | D:10     | Found a staircase to the Orcish Mines.
 13211 | D:10     | Noticed a manticore
 13218 | D:10     | Killed a manticore
 13219 | D:10     | Reached XP level 12. HP: 82/89 MP: 0/0
 13763 | D:11     | Noticed a two-headed ogre
 13771 | D:11     | Killed a two-headed ogre
 13811 | D:10     | Lost mutation: You are partially covered in iridescent
                  | scales. (AC +2) [potion of mutation]
 13811 | D:10     | Lost mutation: You are robust. (+10% HP) [potion of
                  | mutation]
 13811 | D:10     | Gained mutation: You are covered in fur. (AC +1) [potion of
                  | mutation]
 13811 | D:10     | Gained mutation: You often lose your temper in combat.
                  | [potion of mutation]
 13811 | D:10     | Gained mutation: Your spells are a little easier to cast,
                  | but a little less powerful. [potion of mutation]
 13812 | D:10     | Lost mutation: You are covered in fur. (AC +1) [potion of
                  | mutation]
 13812 | D:10     | Lost mutation: Your spells are a little easier to cast, but
                  | a little less powerful. [potion of mutation]
 13812 | D:10     | Gained mutation: You are resistant to electric shocks.
                  | (rElec) [potion of mutation]
 13812 | D:10     | Gained mutation: Your mind is acute. (Int +2) [potion of
                  | mutation]
 13812 | D:10     | Gained mutation: You have an uncontrollable temper. [potion
                  | of mutation]
 13812 | D:10     | Gained mutation: You have sharp fingernails. [potion of
                  | mutation]
 13874 | D:11     | Reached skill level 10 in Spellcasting
 13904 | D:11     | Noticed a two-headed ogre
 13908 | D:11     | Killed a two-headed ogre
 13980 | D:11     | Reached ***** piety under Makhleb
 14260 | D:12     | Noticed Fannar
 14268 | D:12     | Noticed a boulder beetle
 14269 | D:12     | Killed Fannar
 14272 | D:12     | Noticed a boulder beetle
 14277 | D:12     | Noticed an eight-headed hydra
 14284 | D:12     | Found Goemos's Weapon Emporium.
 14323 | D:12     | Noticed a two-headed ogre
 14397 | D:12     | Killed a two-headed ogre
 14411 | D:12     | Killed an eight-headed hydra
 14524 | D:12     | Killed a boulder beetle
 14525 | D:12     | Reached XP level 13. HP: 67/85 MP: 0/0
 14525 | D:12     | Learned a level 5 spell: Manifold Assault
 14905 | D:12     | Killed a boulder beetle
 14906 | D:12     | Reached skill level 11 in Spellcasting
 15377 | D:13     | Noticed a centaur warrior
 15383 | D:13     | Killed a centaur warrior
 15480 | D:13     | Noticed a vault guard
 15629 | Lair:1   | Entered Level 1 of the Lair of Beasts
 15922 | Lair:1   | Found a hide-covered altar of Uskayaw.
 17004 | Lair:2   | Found a hole to the Spider Nest.
 17012 | Lair:2   | Reached skill level 12 in Spellcasting
 17245 | Lair:2   | Reached XP level 14. HP: 84/93 MP: 0/0
 17468 | Lair:2   | Found a staircase to the Swamp.
 17789 | Lair:3   | Reached ****** piety under Makhleb
 18054 | Lair:3   | Found a transporter.
 18073 | Lair:3   | Found a bloodstained altar of Trog.
 18073 | Lair:3   | Noticed LadonLegend's ghost (journeyman TrMo)
 18080 | Lair:3   | Found a transporter.
 18506 | Lair:4   | Found a transporter.
 18511 | Lair:4   | Reached skill level 13 in Spellcasting
 18536 | Lair:4   | Noticed Lesmeliq's ghost (journeyman HuWn)
 18542 | Lair:4   | Noticed a dire elephant
 18550 | Lair:4   | Found a transporter.
 18692 | Lair:4   | Reached skill level 5 in Armour
 19657 | Lair:5   | Reached skill level 14 in Spellcasting
 19769 | Lair:5   | Reached XP level 15. HP: 97/98 MP: 0/0
 19769 | Lair:5   | Learned a level 6 spell: Eringya's Noxious Bog
 20038 | Lair:5   | Found a staircase to the Slime Pits.
 20039 | Lair:5   | Found a viscous altar of Jiyva.
 20405 | Lair:6   | Entered Level 6 of the Lair of Beasts
 20918 | Lair:6   | Identified the +7 quarterstaff of the Original Sin
                  | {antimagic, rElec Int+6}
 21054 | Lair:6   | Identified the ring of Toazos {Fly Will+}
 21277 | Lair:6   | Found a blossoming altar of Fedhas.
 21734 | Orc:1    | Entered Level 1 of the Orcish Mines
 21736 | Orc:1    | Acquired 1013 gold pieces
 21775 | Orc:2    | Entered Level 2 of the Orcish Mines
 21915 | Orc:2    | Reached skill level 15 in Spellcasting
 22403 | Orc:2    | Found a staircase to the Elven Halls.
 22523 | Orc:2    | Found Ladaugi's Magic Scroll Boutique.
 22528 | Orc:2    | Bought a scroll of noise for 16 gold pieces
 22528 | Orc:2    | Bought a scroll of identify for 32 gold pieces
 22528 | Orc:2    | Bought a scroll of identify for 32 gold pieces
 22528 | Orc:2    | Bought a scroll of teleportation for 48 gold pieces
 22617 | Orc:2    | Found Daetotun's Book Emporium.
 22668 | Orc:2    | Noticed an orc warlord
 22694 | Orc:2    | Killed an orc warlord
 22783 | Orc:2    | Found Hezofixu's Antique Weapon Shop.
 22787 | Orc:2    | Found Iryskakh's Antique Armour Boutique.
 23102 | Orc:1    | Noticed Maurice
 23107 | Orc:1    | Killed Maurice
 23544 | Spider:1 | Entered Level 1 of the Spider Nest
 23636 | Spider:1 | Reached XP level 16. HP: 60/103 MP: 0/0
 24085 | Spider:1 | Slain by a redback

Illustrated notes

Levels and vault maps discovered:
D:1:      amcnicky_arrival_flooded_fountain, layout_basic, serial_bayou_lake_a
D:2:      layout_loops_ring
D:3:      layout_loops_ring, chequers_serial_rivers_micro_d, nrook_loot_triangle
D:4:      layout_basic, minmay_misc_feat_cross
D:5:      layout_loops_ring, lemuel_zombie_altar_yredelemnul,
          mainiacjoe_overflow_tiny_flanked, serial_glass, glass_columns_b,
          glass_columns_a, glass_columns_c, glass_columns_a, glass_columns_c,
          glass_columns_b, minivault_24
D:6:      layout_cave_pools, nicolae_dithmenos_the_darkroom, minivault_22
D:7:      layout_basic, mainiacjoe_overflow_24_doors,
          minmay_temple_entry_stoned_glass, enter_bailey_6
D:8:      layout_rooms, lemuel_round_altar, uniq_grum
D:9:      kennysheep_blocky_hall, layout_loops_ring, mainiacjoe_overflow_paths,
          lemuel_blue_sif_altar, david_lair_shrubbed, special_room
          [special_room_bee], hangedman_minor_magic
D:10:     layout_irregular_city, david_orc_2, minivault_26
D:11:     layout_cave_pools
D:12:     layout_basic, serial_shops, shop, uniq_fannar
D:13:     layout_basic, grunt_vaults_entry_fortified
Temple:   regret_index_temple_waves
Lair:1:   layout_layer_cave, basic_altar, minivault_23
Lair:2:   layout_roguey, swamp_mist, spider_nest_entry_a,
          chequers_serial_rivers_room_a, cheibrodos_lair_lostbears
Lair:3:   beast_lair_carwin_large_2, layout_chaotic_city,
          gammafunk_ghost_wrathful_warriors
Lair:4:   nzn_winding_woodlands_medium [nzn_winding_woodlands_5x5_three,
          nzn_winding_woodlands_5x15_pool, nzn_winding_woodlands_5x5_open_star,
          nzn_winding_woodlands_5x5_default,
          nzn_winding_woodlands_center_garden,
          nzn_winding_woodlands_5x5_checkerboard,
          nzn_winding_woodlands_hourglass,
          nzn_winding_woodlands_5x15_lazy_stream,
          nzn_winding_woodlands_5x5_closed_star], layout_regular_city,
          gammafunk_ghost_berserking_beasts
Lair:5:   layout_regular_city, slime_altar_1
Lair:6:   minmay_lair_end_frog_pond, layout_regular_city, tgw_fedhas,
          minmay_lair_oklob_chamber
Spider:1: layout_spider_delve, nicolae_spider_nooks_and_crannies
Orc:1:    layout_diamond_mine, uniq_maurice
Orc:2:    grunt_orc_community_town_hall, layout_caves,
          grunt_orc_community_big_house_1, grunt_orc_community_big_house_2,
          grunt_orc_community_house_3, grunt_orc_community_house_2,
          grunt_orc_community_house_2, grunt_orc_community_house_3,
          grunt_orc_community_house_2

Skill      XL: |  1  2  3  4  5  6  7  8  9 10 11 12 13 14 15 16 |
---------------+-------------------------------------------------+-----
Spellcasting   | 3 4 5 6 7 8 9 10 12 14 15 | 15.5
Stealth        | 2 3 4 5 |  5.2
Polearms       | 1 2 3 5 6 7 8 |  8.3
Fighting       | 1 2 4 5 6 |  6.2
Dodging        | 3 5 6 7 8 |  8.0
Invocations    | 4 5 6 7 8 9 |  9.3
Armour         | 4 5 |  5.0
Shields        | 2 3 |  3.7
Evocations     | 2 |  2.5
Unarmed Combat | |  0.1

Action                   |  1- 3 |  4- 6 |  7- 9 | 10-12 | 13-15 | 16-18 || total
-------------------------+-------+-------+-------+-------+-------+-------++-------
Melee: Spear             |       |    72 |    50 |       |       |       ||   122
       Unarmed           |       |     2 |       |       |       |       ||     2
       Halberd           |       |       |    17 |    46 |       |       ||    63
       Bardiche          |       |       |       |    56 |   109 |    24 ||   189
 Cast: Foxfire           |   112 |    76 |   123 |       |     1 |       ||   312
       Sticky Flame      |       |     3 |    11 |    45 |    54 |    15 ||   128
       Fireball          |       |       |     7 |   131 |   415 |    22 ||   575
       Blink             |       |       |     2 |       |       |       ||     2
       Tukima's Dance    |       |       |     1 |     1 |     2 |       ||     4
       Summon Lightning  |       |       |       |    15 |    58 |     8 ||    81
       Manifold Assault  |       |       |       |       |    15 |       ||    15
       Eringya's Noxious |       |       |       |       |     9 |       ||     9
Evoke: Wand              |       |       |     1 |       |       |       ||     1
  Use: Scroll            |     2 |     2 |     1 |    13 |    13 |     1 ||    32
       Potion            |       |     1 |     4 |     4 |     2 |     1 ||    12
 Stab: Sleeping          |       |     4 |     1 |     3 |       |       ||     8
       Distracted        |       |       |     1 |       |     4 |     2 ||     7
Armor: Robe              |     1 |    12 |    11 |     6 |       |       ||    30
       Skin              |       |     5 |       |       |       |       ||     5
       Troll leather arm |       |       |       |    42 |    51 |    20 ||   113
Dodge: Dodged            |     7 |    35 |    73 |   144 |   184 |    69 ||   512
Block: Other             |       |       |     8 |    37 |    53 |    17 ||   115
       Reflection        |       |       |       |     4 |     1 |       ||     5

Table legend: (Time is in decaauts)
 A = Elapsed time spent in this place.
 B = Non-inter-level travel time spent in this place.
 C = Inter-level travel time spent in this place.
 D = Time resting spent in this place.
 E = Time spent auto-exploring this place.
 F = Levels seen in this place.
 G = Mean time per level.
                   A        B        C        D        E       F      G
               +--------+--------+--------+--------+--------+-----+--------+
         Total |  24305 |  23072 |   1233 |   1107 |  18307 |  24 | 1012.7 |
       Dungeon |  14743 |  14031 |    712 |    659 |  11488 |  13 | 1134.1 |
        Temple |    210 |    203 |      7 |      0 |    196 |   1 |  210.0 |
          Lair |   6101 |   5690 |    411 |    184 |   4603 |   6 | 1016.8 |
   Spider Nest |    596 |    596 |      0 |     32 |    347 |   1 |  596.0 |
  Orcish Mines |   1695 |   1594 |    101 |     98 |   1044 |   2 |  847.5 |
        Bailey |    957 |    957 |      0 |    134 |    628 |   1 |  957.0 |
               +--------+--------+--------+--------+--------+-----+--------+

Top non-repeatable levels by time:
     D:9: 1914 daAuts
     D:1: 1817 daAuts
     D:5: 1762 daAuts
     D:7: 1680 daAuts
     D:4: 1546 daAuts
     D:2: 1332 daAuts
  Lair:1: 1166 daAuts
   Orc:2: 1164 daAuts
  Lair:6: 1086 daAuts
  Lair:4: 1076 daAuts
  Lair:2: 1041 daAuts
     D:3: 977 daAuts
  Bailey: 957 daAuts
  Lair:5: 890 daAuts
  Lair:3: 839 daAuts
